[Event "ChessKid Cup Div-III 2023"]
[Site "Online"]
[Date "2023.05.22"]
[Round "2.3"]
[White "Harikrishna, Pentala"]
[Black "Yu, Yangyi"]
[Result "1-0"]
[ECO "D33"]
[WhiteElo "2704"]
[BlackElo "2729"]
[Annotator "TA"]
[PlyCount "49"]
[EventDate "2023.05.21"]
[EventType "k.o."]
[EventCountry "NET"]
[SourceTitle "playchess.com"]
[Source "ChessBase"]
[SourceQuality "1"]
[TimeControl "900+3"]

1. c4 Nf6 2. Nc3 c5 3. Nf3 e6 4. g3 Nc6 5. Bg2 d5 6. cxd5 exd5 7. d4 cxd4 {[%emt 0:00:03] is more profitable than 7...Be7 at the moment.} 8. Nxd4 Bc5 9. Nb3 Bb6 {[%emt 0:00:04] D33: Tarrasch Defence: 6 g3 sidelines.} 10. O-O ({Much weaker is} 10. Bxd5 Nb4 11. Bf3 Qxd1+ 12. Kxd1 Bf5 $15) 10... d4 11. Na4 O-O {[%emt 0:00:03] White has an edge.} 12. Nxb6 axb6 13. e3 {[%emt 0:00:13] [#]} Bg4 $146 ({Predecessor:} 13... d3 14. Bd2 Be6 15. Bc3 Bc4 16. Nd2 Bxa2 17. Ne4 Nd5 18. Qxd3 Nxc3 19. Qxc3 Be6 20. Rxa8 Qxa8 {1-0 Harikrishna,P (2715)-Srihari,L (2436) Speed Chess Q2 blitz 2022 (6)}) 14. f3 Be6 15. Nxd4 Nxd4 16. Qxd4 Qxd4 17. exd4 Bxa2 18. Bg5 Nd5 19. Rfc1 Bb3 20. Bd2 b5 21. f4 {[%emt 0:01:03] Black must now prevent Rxa8.} Ra4 22. Ra3 Rxa3 (22... Rxd4 $14 23. Rxb3 Rxd2) 23. bxa3 $16 Bc4 {[%emt 0:00:27] [#]} (23... Rd8 $16) 24. a4 (24. Rxc4 $1 $18 bxc4 25. Bxd5) 24... Nc7 $2 (24... b6 $16 25. axb5 Bb3) 25. axb5 {[%emt 0:00:13] Weighted Error Value: White=0.15 (very precise) /Black=0.60} 1-0

[Event "ChessKid Cup Div-III 2023"]
[Site "Online"]
[Date "2023.05.22"]
[Round "2.3"]
[White "Keymer, Vincent"]
[Black "Lysyj, Igor"]
[Result "0-1"]
[ECO "D42"]
[WhiteElo "2700"]
[BlackElo "2606"]
[Annotator "TA"]
[PlyCount "76"]
[EventDate "2023.05.21"]
[EventType "k.o."]
[EventCountry "NET"]
[SourceTitle "playchess.com"]
[Source "ChessBase"]
[SourceQuality "1"]
[TimeControl "900+3"]

1. c4 e6 2. Nc3 c5 3. e3 Nf6 4. Nf3 Nc6 5. d4 d5 6. cxd5 Nxd5 7. Bd3 Be7 8. O-O O-O 9. Re1 b6 10. Nxd5 {[%emt 0:02:05] D42: Queen's Gambit Declined: Semi-Tarrasch: 5 cxd5 Nxd5 6 e3 Nc6 7 Bd3 .} exd5 11. dxc5 bxc5 12. Bd2 {[%emt 0:00:13] [#] The position is equal.} Be6 $5 $146 {[%emt 0:00:31][%mdl 8] New and interesting.} ({Predecessor:} 12... Qb6 13. Bc3 Rd8 14. h3 Be6 15. Qa4 a5 16. Qf4 d4 17. exd4 cxd4 18. Bd2 Nb4 19. Bxb4 axb4 {½-½ Radjabov,T (2765)-Nepomniachtchi,I (2784) Airthings Masters KO rapid 2020 (1.12)}) 13. Qc2 h6 14. Rad1 Qb6 15. e4 (15. Bh7+ $11 Kh8 16. Bf5) 15... dxe4 16. Bxe4 Rac8 (16... Rad8 {simplifies} 17. Qb1 Bf6 18. Bc3 Rxd1 19. Rxd1 Bxc3 20. bxc3 Qxb1 21. Rxb1 Rb8) 17. Qc1 Bf6 (17... Rfd8 {simplifies} 18. Be3 Nd4 19. Qb1 Nxf3+ 20. Bxf3 Bf6) 18. Bxh6 Qxb2 19. Qf4 Qb8 (19... Nd4 $5 20. Rd2 Qc3 $15) 20. Qe3 Nd4 21. Ng5 $2 {[%emt 0:00:23] Black keeps a firm grip on the game.} Bf5 $19 22. Bxf5 $2 (22. Rb1 {was necessary.} Qc7 23. Bxg7 Kxg7 24. Bxf5 Nxf5 25. Qf3 Bxg5 26. Qxf5) 22... Nxf5 23. Qd3 gxh6 (23... Nxh6 $2 24. Qh7#) 24. Nh7 Kxh7 25. Qxf5+ Kg7 26. Re3 Qb2 27. Rb1 Qd4 (27... Qxa2 28. Rg3+ Bg5 29. Rxg5+ hxg5 30. Qxg5+ Kh7 31. Qh5+ Kg8 32. Qg5+ Kh8 33. Qh4+ Kg8 34. Qg5+ Kh7 35. Qh5+ Kg8 36. Qg5+ $11) 28. Re4 Qc3 ({Better is} 28... Qd6 $19 29. g3 Rce8) 29. h4 $2 (29. Re3 $1 $11) 29... Kh8 30. Rb3 Qa1+ 31. Kh2 Rce8 {[%emt 0:00:12] [#] aiming for ...Rxe4.} (31... Qxa2 {is a self mate.} 32. Qxf6+ Kh7 33. Rg4 Rg8 34. Qxf7+ Kh8 35. Qf6+ Kh7 36. Rb7+) 32. Rb1 $2 (32. Qxc5 Rc8 33. Qe3) 32... Qc3 $2 (32... Qxb1 $2 33. Qxf6+ Kh7 34. Rxe8 Rxe8 35. Qxf7+ Kh8 36. Qxe8+ Kg7 37. Qd7+ Kf6 38. Qd6+ (38. Qxa7 Qb4 $18) 38... Kg7 39. Qd7+ (39. Qxc5 Qxa2 40. Qe5+ Kf7 $16) 39... Kg8 40. Qd5+ (40. Qxa7 c4 $18) 40... Kg7 41. Qe5+ (41. Qxc5 Qxa2 42. f4 Qf7 $16) 41... Kg8 42. Qe6+ (42. Qxc5 Qxa2 43. Qc8+ Kh7 $16) 42... Kg7 43. Qe5+ Kf7 44. Qd5+ (44. Qxc5 Qxa2 45. Qh5+ Kg7 $16) 44... Kg7 45. Qd7+ $18 (45. Qxc5 Qxa2 46. f4 Qf7 $16)) ({Black should try} 32... Be5+ $19 33. Rxe5 Qxe5+ 34. Qxe5+ Rxe5) 33. Rc1 $2 Be5+ {[%emt 0:00:24] Black is clearly winning.} (33... Qxc1 $2 34. Qxf6+ Kh7 35. Rxe8 Rxe8 36. Qxf7+ Kh8 37. Qxe8+ Kg7 38. Qe5+ Kf7 39. Kg3 $16) 34. f4 Qxc1 35. fxe5 Re6 36. Rg4 Qe3 {[%emt 0:00:09] [#] ...Rg8 would be deadly.} 37. Re4 Qc3 38. Qf3 Qxf3 {[%emt 0:00:04] Weighted Error Value: White=1.07/Black=0.82} 0-1

[Event "ChessKid Cup Div-III 2023"]
[Site "Online"]
[Date "2023.05.22"]
[Round "2.3"]
[White "Chigaev, Maksim"]
[Black "Sevian, Samuel"]
[Result "1/2-1/2"]
[ECO "E04"]
[WhiteElo "2628"]
[BlackElo "2684"]
[Annotator "TA"]
[PlyCount "110"]
[EventDate "2023.05.21"]
[EventType "k.o."]
[EventCountry "NET"]
[SourceTitle "playchess.com"]
[Source "ChessBase"]
[SourceQuality "1"]
[TimeControl "900+3"]

1. d4 Nf6 2. c4 e6 3. Nf3 d5 4. g3 dxc4 5. Bg2 c5 6. O-O Nc6 7. dxc5 Qxd1 8. Rxd1 Bxc5 9. Nbd2 c3 10. bxc3 O-O 11. Nb3 Be7 12. Nfd4 Bd7 13. Nb5 {[%emt 0:00:03] E04: Open Catalan: 5 Nf3.} Rfd8 14. Be3 a6 15. Nd6 {[%emt 0:00:24] White is slightly better.} Bxd6 16. Rxd6 Be8 $1 17. Rxd8 Nxd8 {[%emt 0:00:04] Black is weak on the dark squares} 18. Na5 Nd5 19. Bd2 {[%emt 0:00:49] A strong pair of Bishops.} b5 $1 20. c4 bxc4 21. Nxc4 {[%emt 0:00:04] [#]} Bb5 $146 ({Predecessor:} 21... Rc8 22. Nd6 Rc2 23. Bg5 f6 24. Rc1 Rxc1+ 25. Bxc1 Bc6 26. Bd2 Nb7 27. Nxb7 Bxb7 28. f4 {½-½ Liu,Q (2542)-Lu,S (2616) CHN-chT Div-A Rapid 2022 (10.2)}) 22. Bxd5 exd5 23. Nb6 Rb8 {[%emt 0:00:10] The position is equal.} 24. Nxd5 Bxe2 25. Re1 Bb5 26. Nc7 {[%emt 0:01:20] [#] aiming for Nxb5.} (26. Bf4 $5 Rb7 $8 27. Nc7 $11) 26... Nc6 27. Bf4 {[%emt 0:00:31] And now Nxb5 would win.} Rc8 28. Nxb5 axb5 $11 {[%emt 0:00:05][%mdl 4096] Endgame KRB-KRN} 29. Rc1 f6 30. g4 Kf7 31. Kg2 Ke6 32. Rc5 Na7 33. Rh5 h6 34. Be3 Ra8 35. Rc5 Kd6 36. Kf3 Nc6 37. Rxb5 Rxa2 38. Rb7 Ne5+ 39. Kg3 Nd7 40. h4 Ke6 41. Rc7 Ra3 42. h5 Rb3 43. Kg2 Rd3 44. Ra7 Rb3 45. Bc1 Rd3 46. Bb2 Kf7 47. Ba1 Kg8 48. f4 Rd5 49. Kf3 Nf8 50. Ke4 Rb5 51. Bd4 Ne6 {[%emt 0:00:06] [#] ...Rb4 would be deadly.} 52. Be3 Kh7 53. Re7 Rb4+ 54. Kf5 Nd4+ 55. Bxd4 Rxd4 {[%emt 0:00:03] Weighted Error Value: White=0.05 (flawless) /Black=0.04 (flawless)} 1/2-1/2

[Event "ChessKid Cup Div-III 2023"]
[Site "Online"]
[Date "2023.05.23"]
[Round "3.1"]
[White "Vallejo Pons, Francisco"]
[Black "Lazavik, Denis"]
[Result "1/2-1/2"]
[ECO "E05"]
[WhiteElo "2712"]
[BlackElo "2544"]
[Annotator "TA"]
[PlyCount "89"]
[EventDate "2023.05.21"]
[EventType "k.o."]
[EventCountry "NET"]
[SourceTitle "playchess.com"]
[Source "ChessBase"]
[SourceQuality "1"]
[TimeControl "900+3"]

1. Nf3 d5 2. g3 Nf6 3. Bg2 e6 4. O-O Be7 5. c4 O-O 6. d4 dxc4 7. Ne5 Nc6 8. Bxc6 bxc6 9. Nxc6 Qe8 10. Nxe7+ Qxe7 11. b3 {[%emt 0:00:00] E05: Open Catalan: 5 Nf3 Be7.} cxb3 12. Qxb3 {[%emt 0:00:50] [#] Ba3 would be deadly.} Rd8 13. Ba3 Qe8 14. Rd1 {[%emt 0:00:20] Black is weak on the dark squares} Ba6 15. Nc3 Nd5 {[%emt 0:01:09] [#]} 16. Rd2 $146 ({Predecessor:} 16. e4 Rab8 17. Qc2 Nb4 18. Bxb4 Rxb4 19. d5 e5 20. Qc1 Rc4 21. Qa3 Rd6 22. Rab1 {½-½ Duda,J (2750)-Deac,B (2692) Olympiad-44 Chennai 2022 (4.1)}) 16... Rab8 17. Qc2 Nb6 18. Bc5 Qc6 19. Qe4 Nd5 (19... Qxe4 {simplifies} 20. Nxe4 h6 21. Rc1 f5) 20. Rc1 Bb7 {[%emt 0:01:14] Strongly threatening ...Nxc3.} 21. Nxd5 Rxd5 (21... exd5 $11 22. Qc2 Qd7) 22. Rdc2 {[%emt 0:01:51] White is much more active.} Rxc5 {[%emt 0:00:38][%mdl 64] [#] Discovered Attack} 23. Qxc6 Rxc6 24. Rxc6 Bxc6 25. Rxc6 $14 {[%emt 0:00:00][%mdl 4096] Endgame KR-KR} Rb7 26. a4 Kf8 27. a5 Ke7 28. e3 Kd7 29. Rc5 c6 30. Rc2 Rb5 31. Ra2 $1 c5 32. dxc5 Rxc5 33. Kf1 Kc6 34. Ke2 Kb5 35. Kd3 (35. Rd2 $11) 35... Ka6 $17 36. Rb2 Rxa5 ({Much weaker is} 36... Kxa5 37. Rb7 Rf5 38. Rxa7+ Kb6 39. Ra2 $11) (36... Rb5 $5 37. Rc2 Rxa5 $15) 37. Kc4 h5 38. f4 Ra3 39. e4 Ra4+ 40. Kd3 f6 41. Rb8 {[%emt 0:00:03] The position is equal.} Ra3+ 42. Kd4 Ra4+ 43. Kd3 Ra3+ 44. Kd4 Ra4+ 45. Kd3 {[%emt 0:00:02] Weighted Error Value: White=0.09 (flawless) /Black=0.08 (flawless)} 1/2-1/2

[Event "ChessKid Cup Div-III 2023"]
[Site "Online"]
[Date "2023.05.23"]
[Round "3.1"]
[White "Harikrishna, Pentala"]
[Black "Lysyj, Igor"]
[Result "1/2-1/2"]
[ECO "E06"]
[WhiteElo "2704"]
[BlackElo "2606"]
[Annotator "TA"]
[PlyCount "104"]
[EventDate "2023.05.21"]
[EventType "k.o."]
[EventCountry "NET"]
[SourceTitle "playchess.com"]
[Source "ChessBase"]
[SourceQuality "1"]
[TimeControl "900+3"]

1. c4 e6 2. Nf3 Nf6 3. g3 d5 4. Bg2 Be7 5. d4 O-O 6. Nc3 dxc4 7. Ne5 c5 8. dxc5 Qxd1+ 9. Nxd1 Bxc5 10. O-O Nd5 {[%emt 0:00:03] Against Nc3. E06: Closed Catalan: Early deviations.} 11. Ne3 Bxe3 12. Bxe3 {[%emt 0:00:05] [#]} c3 $146 {[%emt 0:00:02] [#]} ({Predecessor:} 12... Nxe3 13. fxe3 c3 14. bxc3 Na6 15. Rab1 Rb8 16. Rf4 f6 17. Nd3 b5 18. c4 Bd7 {½-½ Nisipeanu,L (2656)-Adams,M (2694) EU-chT 22nd Batumi 2019 (9.1)}) 13. b4 $1 Nd7 ({Don't take} 13... Nxb4 14. Bc5 Nd5 15. Bxf8 Kxf8 16. Rfc1 $16) (13... b6 14. Rac1) 14. Nd3 b6 15. Bxd5 exd5 16. Rfc1 Ba6 17. Rxc3 Rfc8 {[%emt 0:00:13] Black is weak on the dark squares} 18. Ra3 Bc4 19. Rd1 Nf8 20. Rd2 Ne6 21. Ne5 Bb5 22. Nf3 f6 23. Kf1 Bc4 24. Nd4 Nxd4 25. Bxd4 b5 26. Ra6 Rc7 27. f3 Kf7 28. Kf2 Re8 29. e3 ({Don't play} 29. Bxa7 Rce7 30. Bc5 Rxe2+ 31. Rxe2 Rxe2+ 32. Kg1 Rxa2 33. Rxa2 Bxa2 $11) 29... Re6 {[%emt 0:00:04] The position is equal.} 30. Ra3 a6 31. g4 Rc8 32. Bc5 h5 33. gxh5 Rh8 34. h4 Rxh5 35. Rd4 g5 36. Kg3 Rxh4 37. Rxh4 gxh4+ 38. Kxh4 $11 {[%emt 0:00:00][%mdl 4096] Endgame KRB-KRB} Kg6 39. Kg4 Rc6 40. Kf4 Re6 41. Bd4 Rc6 42. Rc3 Rc8 43. Ra3 Rc6 44. Bc5 Re6 45. Ra5 Rc6 46. a4 bxa4 47. Rxa4 Rc8 48. Ra5 Rh8 49. Bd4 Bb5 50. Ra1 Rh5 51. Rg1+ Rg5 52. Rxg5+ fxg5+ {[%emt 0:00:02] Not much happened in this game.   Weighted Error Value: White=0.03 (flawless) /Black=0.03 (flawless)} 1/2-1/2

[Event "ChessKid Cup Div-III 2023"]
[Site "Online"]
[Date "2023.05.23"]
[Round "3.1"]
[White "Sevian, Samuel"]
[Black "Pichot, Alan"]
[Result "1/2-1/2"]
[ECO "A06"]
[WhiteElo "2684"]
[BlackElo "2638"]
[Annotator "TA"]
[PlyCount "33"]
[EventDate "2023.05.21"]
[EventType "k.o."]
[EventCountry "NET"]
[SourceTitle "playchess.com"]
[Source "ChessBase"]
[SourceQuality "1"]
[TimeControl "900+3"]

1. b3 d5 2. Bb2 Nf6 3. e3 Bf5 4. Nf3 h6 5. Be2 e6 {[%emt 0:00:05] The position is equal.} 6. c4 {[%emt 0:00:01] A06: Réti Opening: 1 Nf3 d5.} Be7 7. O-O O-O 8. Nc3 c6 9. h3 Nbd7 10. Rc1 {[%emt 0:00:02] [#]} Nc5 $146 ({Predecessor:} 10... Bh7 11. d4 a6 12. Bd3 Bxd3 13. Qxd3 Re8 14. Rfd1 Nf8 15. Ne5 N6d7 16. f4 Nxe5 17. fxe5 {0-1 Remizov,Y (2396)-Bjelobrk,I (2405) Titled Tuesday intern op 17th Jan Late blitz 2023 (7)}) 11. d4 Nce4 12. Nxe4 Nxe4 13. Nd2 Bd6 14. Nxe4 Bxe4 15. Bd3 Qh4 16. Bxe4 Qxe4 17. Qc2 {[%emt 0:00:02] An uneventful encounter.   Weighted Error Value: White=0.03 (flawless) /Black=0.03 (flawless)} 1/2-1/2

[Event "ChessKid Cup Div-III 2023"]
[Site "Online"]
[Date "2023.05.23"]
[Round "3.1"]
[White "Antipov, Mikhail Al."]
[Black "Bernadskiy, Vitaliy"]
[Result "0-1"]
[ECO "C07"]
[WhiteElo "2588"]
[BlackElo "2592"]
[Annotator "TA"]
[PlyCount "52"]
[EventDate "2023.05.21"]
[EventType "k.o."]
[EventCountry "NET"]
[SourceTitle "playchess.com"]
[Source "ChessBase"]
[SourceQuality "1"]
[TimeControl "900+3"]

1. e4 e6 2. d4 d5 3. Nd2 c5 4. Ngf3 cxd4 5. exd5 Qxd5 6. Bc4 Qd7 {[%emt 0:00:02] C07: French Tarrasch: 3...c5, 4 Ngf3 and 4 exd5 Qxd5.} 7. O-O {[%emt 0:00:04][%mdl 1024] White has compensation.} Nc6 8. Nb3 a6 {[%emt 0:00:09] The position is equal.} 9. a4 Nf6 10. Qe2 Bd6 11. Rd1 Qc7 12. Nbxd4 Nxd4 13. Rxd4 O-O 14. b3 Re8 {[%emt 0:00:12] [#]} 15. Bb2 $146 ({Predecessor:} 15. Rh4 Bd7 16. Bb2 Be7 17. Ne5 Rad8 18. Bd3 h6 19. Ng4 Nxg4 20. Rxg4 Bf8 21. Bf6 Bc6 22. Rxg7+ {1-0 Efroimski,M (2386)-Flom,G (2477) ISR-chT Israel 2021 (6.4)}) 15... e5 16. Rh4 ({White should try} 16. Rxd6 $14 Qxd6 17. Ng5) 16... Bf5 $11 17. Rd1 Rad8 18. Ng5 (18. Kf1 $15) 18... Bg6 $1 $17 19. Bd3 $2 {[%emt 0:00:04] [#] Now White is beyond hope.} (19. g3 $17 {was necessary.}) 19... e4 $1 $19 20. Bc4 {[%emt 0:00:12] [#]} Be5 21. Bc1 Rxd1+ ({Don't go for} 21... h6 $2 22. Nh3 $19) 22. Qxd1 Rd8 ({But not} 22... h6 $2 23. Nh3 $19) 23. Qe1 {[%emt 0:00:25] [#]} (23. Qe2 Qd7 24. Be3 Qd1+ 25. Qxd1 Rxd1+ 26. Bf1) 23... b5 $1 {[%emt 0:00:07][%mdl 512] Black is clearly winning.} 24. axb5 (24. Be2 Qxc2) 24... axb5 25. Bxb5 Qxc2 {[%emt 0:00:02] Strongly threatening ...Rd1.} 26. Be2 {[%emt 0:00:01] Wards off Rd1} Ra8 {[%emt 0:00:09] Weighted Error Value: White=0.69/Black=0.03 (flawless)} 0-1

[Event "ChessKid Cup Div-III 2023"]
[Site "Online"]
[Date "2023.05.23"]
[Round "3.2"]
[White "Sevian, Samuel"]
[Black "Pichot, Alan"]
[Result "0-1"]
[ECO "A14"]
[WhiteElo "2684"]
[BlackElo "2638"]
[Annotator "TA"]
[PlyCount "98"]
[EventDate "2023.05.21"]
[EventType "k.o."]
[EventCountry "NET"]
[SourceTitle "playchess.com"]
[Source "ChessBase"]
[SourceQuality "1"]
[TimeControl "900+3"]

1. c4 e6 2. Nf3 d5 3. g3 Nf6 4. Bg2 Be7 5. O-O O-O 6. b3 d4 7. e3 c5 {[%emt 0:00:04] A14: English Opening: 1...e6 with b3 by White.} 8. Ne5 {[%emt 0:00:04] Prevents Nc6} Nfd7 9. Nd3 Nc6 {[%emt 0:00:08] Black is slightly better.} 10. f4 e5 {[%emt 0:00:11] [#]} 11. Bb2 $146 ({Predecessor:} 11. f5 a5 12. Bxc6 bxc6 13. e4 a4 14. Na3 Qc7 15. Nc2 axb3 16. axb3 Rxa1 17. Nxa1 {½-½ Yakubboev,N (2630)-Yu,Y (2729) Airthings Masters Div 2 L rapid 2023 (6.2)}) 11... Bd6 12. Na3 Re8 13. e4 ({White should play} 13. Nb5 $11 Bf8 14. fxe5) 13... a6 $15 14. f5 Rb8 15. Nf2 b5 16. d3 Bc7 17. h4 Ba5 18. Nb1 bxc4 19. dxc4 Bb7 20. Qc1 Nf6 21. Rd1 Qc7 22. Nd2 {[%emt 0:00:05] [#]} d3 23. Nxd3 (23. Kh2 $11 {and White has nothing to worry.}) 23... Nd4 $19 24. Re1 {[%emt 0:00:04] [#] Inhibits Ne2+.} Rbd8 $1 25. Bc3 {[%emt 0:00:03] [#]} Ne2+ $1 26. Rxe2 $15 Rxd3 27. Bxa5 Qxa5 28. Nf1 Red8 {[%emt 0:00:09][%mdl 1024] Black has compensation.} (28... Qd8 $5 29. Kh2 Qd4 $15) 29. Qb2 (29. Qe1 $15 Qc7 30. Re3) 29... R8d4 $17 30. Rae1 h5 31. Qc1 Bc6 {[%emt 0:00:13] Black has more active pieces.} 32. Qg5 Qc3 (32... Kh7 $17) 33. Rc1 $11 Qa5 (33... Qb4 $11) 34. Rce1 $17 Qc3 (34... Kh7 $17) 35. Kh1 $2 (35. Rc1 $11 {and White is okay.} Qa5 36. g4 (36. Rce1 Qc3 $15)) 35... Kh8 $2 (35... Rd1 $19 {is more deadly.} 36. Rxd1 Rxd1) 36. Kh2 Ng4+ ({Black should try} 36... a5 $17 37. Qc1 a4 38. Qxc3 Rxc3 39. bxa4 Rdxc4) 37. Kh3 $11 Nf6 38. Rc1 $2 {[%emt 0:00:24][%mdl 8192] [#]} (38. Kh2 $11) 38... Nh7 $1 $19 39. Rxc3 Nxg5+ 40. hxg5 Rxc3 41. g6 fxg6 42. fxg6 Rd6 43. Nh2 (43. Ne3 {was called for.}) 43... Bd7+ 44. Kh4 Rxg6 45. Bf3 Rd3 {[%emt 0:00:31] Wards off Rd2. aiming for ...Kh7.} 46. Rg2 Kh7 (46... Rh6 $142 {White must now prevent ...Kh7.} 47. Be2 Rd4) 47. Bxh5 Rh6 {[%emt 0:00:05] Strongly threatening ...g6.} 48. Kg5 Rdd6 49. Ng4 $2 {[%emt 0:01:07] [#]} (49. Rb2) 49... Rdg6+ $1 {[%emt 0:00:16][%mdl 576] Skewer.   Weighted Error Value: White=0.56/Black=0.34} 0-1

[Event "ChessKid Cup Div-III 2023"]
[Site "Online"]
[Date "2023.05.23"]
[Round "3.2"]
[White "Pichot, Alan"]
[Black "Sevian, Samuel"]
[Result "1/2-1/2"]
[ECO "C77"]
[WhiteElo "2638"]
[BlackElo "2684"]
[Annotator "TA"]
[PlyCount "201"]
[EventDate "2023.05.21"]
[EventType "k.o."]
[EventCountry "NET"]
[SourceTitle "playchess.com"]
[Source "ChessBase"]
[SourceQuality "1"]
[TimeControl "900+3"]

1. e4 e5 2. Nf3 Nc6 3. Bb5 a6 4. Ba4 Nf6 5. d3 d6 6. c3 g6 7. O-O Bg7 8. Re1 O-O 9. Nbd2 h6 {[%emt 0:00:05] C77: Ruy Lopez: 3...a6 4 Ba4 Nf6, unusual lines.} 10. Nf1 b5 {[%emt 0:00:08] 10...b5 has lost popularity.} 11. Bc2 d5 {[%emt 0:00:01] The position is equal.} 12. a4 {[%emt 0:01:03] Threatens to win with axb5.} Bb7 13. Be3 Re8 {[%emt 0:00:03] [#]} 14. h3 $146 ({Predecessor:} 14. Qc1 Kh7 15. Ng3 Qd7 16. h3 dxe4 17. dxe4 Na5 18. b3 Bf8 19. Qb2 Qe6 20. Nd2 {0-1 Stehno,P (2373)-Biolek,R (2155) Pardubice op-C 2005 (4)}) 14... Nb8 15. Ng3 Nbd7 16. axb5 axb5 17. Rxa8 (17. Qd2 $5 ) 17... Qxa8 18. Qa1 c5 19. Bd2 Qxa1 20. Rxa1 c4 21. Ra7 Rb8 22. exd5 Bxd5 23. d4 Bxf3 $1 24. gxf3 exd4 25. cxd4 Nb6 26. Bf4 Re8 {[%emt 0:00:02] And now ...Nfd5 would win.} 27. Be5 b4 28. Rb7 Nfd7 29. f4 Bxe5 (29... b3 $15 30. Be4 c3 31. bxc3 b2) 30. fxe5 $11 Rb8 31. Ra7 b3 32. Be4 Nf8 33. Ne2 Ne6 34. Kf1 c3 35. bxc3 (35. Nxc3 $11 Nxd4 36. Nd5) 35... Nc4 $1 $15 36. Ke1 {[%emt 0:00:03] Wards off Nd2} b2 (36... Ng5 $1 $17 37. Bb1 (37. Bd3 $2 Nf3+ 38. Kf1 Ncd2+ 39. Kg2 Ne1+ 40. Kg3 Nxd3 $19) 37... Nf3+ 38. Kd1 b2) 37. Bb1 $11 {[%emt 0:00:02] Hoping for Ra4.} Rb3 38. d5 (38. Kd1 $11 {keeps the balance.}) 38... Nc5 $17 39. f4 (39. e6 $17 fxe6 40. dxe6 Nxe6 41. Kd1) 39... Na3 $19 {[%emt 0:00:09] A dynamic duo of knights.} 40. Ba2 {[%emt 0:00:02] [#]} b1=Q+ ({Black should play} 40... Ne4 $1 $19 41. Nd4 (41. Bxb3 b1=Q+ 42. Bd1 Nc2+ 43. Kf1 Ne3+ 44. Kg1 Qxd1+ 45. Kh2 Qxe2+ 46. Kh1 Qg2#) (41. Ra8+ $2 Kg7 $19) 41... Rxc3) 41. Bxb1 $15 Rxb1+ 42. Kf2 Nc2 {[%emt 0:00:00] ...Ne4+ would be deadly.} 43. d6 Rd1 44. Rc7 ({Better is} 44. Ng3) 44... Ne6 $17 45. Rc8+ Kg7 46. c4 {[%emt 0:00:01] [#]} Nb4 $1 (46... Rd2 47. Kf3 $15) 47. Kf3 (47. Nc3 $17 Rd2+ 48. Ne2) 47... Nd3 (47... Rd3+ $19 {and Black stays clearly on top.} 48. Kg2 Na6) 48. Nc3 Rh1 (48... Re1 $17 {...Nd4+ is the strong threat.} 49. d7 Nd4+ 50. Kg2 Nxf4+ 51. Kf2 Nd3+ 52. Kg2 Ne6) 49. Nd5 $1 $11 Rxh3+ 50. Ke2 Nexf4+ (50... g5 $5 51. d7 $8 gxf4 $11) 51. Kd2 Rh2+ 52. Ke3 Nxd5+ 53. Kxd3 {[%emt 0:00:01][%mdl 4096] Endgame KRN-KR} Nf4+ 54. Ke4 (54. Ke3 $1 $11 {and White is okay.} Ne6 55. c5) 54... Rh4 ({Black should try} 54... Ne6 $19 {Strongly threatening ...g5.} 55. c5 Re2+ 56. Kd5 Rd2+ 57. Ke4 f5+ 58. Ke3 Rd5) 55. c5 Ne6+ 56. Kd3 Rd4+ (56... Rh5 $5 57. Ke4 f6 58. exf6+ Kxf6 $17) 57. Kc3 $1 Rd5 58. c6 Rxe5 {[%emt 0:00:00] aiming for ...Rd5.} 59. d7 Kf6 60. Kb4 (60. c7 $11 Rc5+ 61. Kb4 Rxc7 62. Rxc7) 60... Rc5 $2 (60... Rd5 $17 61. Re8 g5) 61. d8=Q+ $18 {[%emt 0:00:02][%mdl 64] Overworked Piece} (61. d8=B+ $2 Ke5 62. Bb6 Rc1 $19) 61... Nxd8 62. Kxc5 Nxc6 63. Rxc6+ {[%emt 0:00:01] KR-K3P} (63. Kxc6 Ke5 $16) 63... Ke5 64. Rc7 f5 65. Kc4 g5 66. Kd3 Kf4 67. Ke2 h5 68. Kf2 g4 69. Rh7 Kg5 70. Rg7+ Kf4 71. Kg2 h4 72. Ra7 h3+ 73. Kh2 Kg5 74. Ra4 Kf6 75. Kg3 Kg7 $2 (75... Kg6 $11 76. Kf4 Kh7) 76. Kf4 $2 (76. Ra6 $11 Kf7 77. Rh6) 76... Kf6 $2 (76... Kg6 $11 77. Ra6+ Kg7 78. Ra7+ (78. Kxf5 h2 $11) 78... Kf6) 77. Ra6+ $2 (77. Ra2 $11 Kg6 78. Ra6+ Kf7 79. Ra1 (79. Kxf5 h2 $11)) 77... Kg7 78. Ra2 $2 (78. Kg3 $11 Kf7 79. Rh6) 78... Kf6 $2 (78... Kg6 $11 79. Rf2 Kg7) 79. Rf2 $2 (79. Ra6+ $11 Kg7 80. Ra1 (80. Kxf5 h2 $11)) 79... Kg6 80. Re2 $2 (80. Kg3 $11 Kg5 81. Kh2) 80... Kf6 81. Re1 $2 (81. Ra2 $11 Kg6 82. Ra6+ Kg7 83. Ra7+ (83. Kxf5 h2 $11) 83... Kh6 84. Ra8 (84. Kxf5 h2 $11)) 81... Kg6 82. Rh1 $2 (82. Kg3 $11 Kf7 83. Re5) 82... Kf6 $1 83. Rh2 Kg6 84. Ra2 $2 (84. Kg3 $11 Kg5 85. Rf2) 84... Kf6 85. Ra8 $2 (85. Ra6+ $11 Kg7 86. Kg3 (86. Kxf5 h2 $11)) 85... Kg7 $2 (85... Kf7 $11 86. Kg3 (86. Kxf5 h2 $11) 86... Kg7) 86. Ra6 $2 (86. Ra2 $11 Kf7 87. Rc2 (87. Kxf5 g3 $11)) 86... Kf7 $1 87. Rh6 Kg7 {[%emt 0:00:02] Dodges Kxf5} 88. Rh5 $2 (88. Rh4 $11 Kg6 89. Rh8) 88... Kg6 89. Rh4 $2 (89. Rxf5 h2 90. Rg5+ (90. Kxg4 $2 {loses.} h1=Q $19) 90... Kh6 $19) (89. Rh8 $11 Kg7 90. Rd8) 89... Kf6 90. Kg3 $2 (90. Rh6+ $11 Kg7 91. Rb6) 90... Kg5 $2 (90... Ke6 $11 91. Rh6+ Kf7) 91. Rh8 {[%emt 0:00:01] White mates.} f4+ 92. Kh2 ({Stronger than} 92. Kf2 g3+ 93. Kg1 Kg4 $11) 92... Kf5 93. Re8 Kg5 94. Re7 Kf6 95. Re8 Kf5 96. Re7 Kf6 97. Re4 Kg5 98. Re8 Kf6 99. Re4 Kf5 100. Re8 Kf6 101. Re4 {[%emt 0:00:01][%mdl 32768] A wild game.   Weighted Error Value: White=0.27 (precise) /Black=0.18 (very precise) . An unexpected result.} 1/2-1/2